[Event "ICC tourney 1901 (45 10)"]
[Site "Internet Chess Club"]
[Date "2020.07.04"]
[Round "1"]
[White "NK3"]
[Black "blitzer102"]
[Result "1-0"]
[ICCResult "Black forfeits on time"]
[WhiteElo "1897"]
[BlackElo "1432"]
[Opening "Giuoco Piano"]
[ECO "C54"]
[NIC "IG.02"]
[Time "11:07:35"]
[TimeControl "2700+10"]

1. e4 e5 2. Nf3 Nc6 3. Bc4 Bc5 4. c3 Nf6 5. d3 h6 6. O-O O-O 7. Re1 Re8 8.
h3 d6 9. Bb3 a5 10. Nbd2 Be6 11. Bxe6 Rxe6 12. Nb3 a4 13. Nxc5 dxc5 14. Qc2
Rd6 15. Be3 b6 16. Rad1 Nh7 17. Kh2 Nf8 18. Rd2 Ne6 19. g3 Qf6 20. Nh4 Ne7
21. Ng2 Ng5 22. Bxg5 hxg5 23. Ne3 Rad8 24. Kg2 b5 25. Red1 Qe6 26. c4 Nc6
27. cxb5 {Black forfeits on time} 1-0

[Event "ICC tourney 1901 (45 10)"]
[Site "Internet Chess Club"]
[Date "2020.07.04"]
[Round "2"]
[White "Chessking2008"]
[Black "HR2005"]
[Result "1/2-1/2"]
[ICCResult "Game drawn by mutual agreement"]
[WhiteElo "1599"]
[BlackElo "1341"]
[Opening "King's Indian: orthodox, Aronin-Taimanov variation (Yugoslav attack / Mar del Plata variation)"]
[ECO "E97"]
[NIC "KI.15"]
[Time "13:30:36"]
[TimeControl "2700+10"]

1. c4 g6 2. e4 Bg7 3. d4 d6 4. Nc3 Nf6 5. Be2 O-O 6. Nf3 e5 7. O-O Nc6 8. d5
Ne7 9. Rb1 Nd7 10. Be3 f5 11. Ng5 Nf6 12. f3 f4 13. Bf2 h6 14. Ne6 Bxe6 15.
dxe6 c6 16. Qb3 Qc8 17. Rbd1 Qxe6 18. Qxb7 Rfb8 19. Qa6 Rxb2 20. c5 d5 21.
exd5 Nfxd5 22. Nxd5 Nxd5 23. Rxd5 Rxe2 24. Rd6 Qxa2 25. Qxc6 Rf8 26. Rxg6
Kh7 27. Rg4 Rf6 28. Qd7 Rf7 29. Qd3+ Kh8 30. Qd8+ Kh7 31. c6 e4 32. Rxg7+
Rxg7 33. c7 Rc2 34. c8=Q Rxc8 35. Qxc8 e3 36. Qf5+ Kg8 37. Qxf4 exf2+ 38.
Rxf2 Qb1+ 39. Rf1 Qb2 40. g3 Qb6+ 41. Kg2 Rc7 42. Rf2 a5 43. Re2 Qb5 44. Qe5
Qxe5 45. Rxe5 Ra7 46. Re3 a4 47. Ra3 Kf7 48. Kf2 Ke6 49. Ke3 Kd5 50. Kd3 Kc5
51. Kc3 Kb5 52. f4 Re7 53. Kd4 Re2 54. h3 Kb4 55. Ra1 a3 56. g4 Rh2 57. f5
Rxh3 58. Ke5 Re3+ 59. Kf4 Re2 60. Kf3 Re8 61. Kf4 Rf8 62. Ke5 Re8+ 63. Kf4
Rf8 64. Rb1+ Kc3 65. Rh1 a2 66. Ke5 Re8+ 67. Kf4 Rf8 68. Rh3+ Kb2 69. Rh2+
Kb3 70. Rh3+ Kc2 71. Rh2+ Kb3 72. Rh1 Kb2 73. Rh2+ Kb3 74. Rh3+ Kc2 75. Rh1
Kb2 {Game drawn by mutual agreement} 1/2-1/2

[Event "ICC tourney 1901 (45 10)"]
[Site "Internet Chess Club"]
[Date "2020.07.04"]
[Round "2"]
[White "hoshibosh"]
[Black "GutsyEdge"]
[Result "1-0"]
[ICCResult "Black resigns"]
[WhiteElo "1626"]
[BlackElo "1316"]
[Opening "Sicilian: Kan, 5.Nc3"]
[ECO "B43"]
[NIC "SI.41"]
[Time "13:30:34"]
[TimeControl "2700+10"]

1. e4 c5 2. Nf3 e6 3. d4 cxd4 4. Nxd4 a6 5. Nc3 Qc7 6. Bd3 Nf6 7. O-O Nc6 8.
Nxc6 dxc6 9. Qe2 e5 10. Kh1 Bg4 11. f3 Be6 12. f4 Bd6 13. f5 Bd7 14. a4 c5
15. Bg5 Bc6 16. Bc4 O-O-O 17. Bxf6 gxf6 18. Nd5 Bxd5 19. Bxd5 h5 20. Rf3 Rd7
21. Rb3 Qa5 22. Qc4 Rh7 23. Rd1 h4 24. Rxb7 Rxb7 25. Bxb7+ Kxb7 26. Qd5+ Ka7
27. Qxd6 h3 28. Qe7+ {Black resigns} 1-0

[Event "ICC tourney 1901 (45 10)"]
[Site "Internet Chess Club"]
[Date "2020.07.04"]
[Round "2"]
[White "woodychess"]
[Black "gmRohde"]
[Result "0-1"]
[ICCResult "White checkmated"]
[WhiteElo "1507"]
[BlackElo "1685"]
[Opening "Nimzo-Indian: classical, Pirc variation"]
[ECO "E39"]
[NIC "NI.21"]
[Time "13:31:05"]
[TimeControl "2700+10"]

1. d4 Nf6 2. c4 e6 3. Nc3 Bb4 4. Qc2 c5 5. dxc5 O-O 6. Nf3 Na6 7. e3 Nxc5 8.
Bd2 b6 9. Be2 Bb7 10. O-O Rc8 11. a3 Bxc3 12. Bxc3 Nce4 13. Bb4 Re8 14. Rad1
a5 15. Bc3 Nxc3 16. Qxc3 b5 17. Ne5 bxc4 18. Nxc4 Ba6 19. b3 d5 20. Rfe1 Ne4
21. Qd4 Qf6 22. f3 Qxd4 23. Rxd4 Nc3 24. Nd6 Nxe2+ 25. Kf2 Nxd4 26. Nxe8
Rc2+ 27. Kg3 Nf5+ 28. Kf4 Kf8 29. g4 Nh4 30. Nd6 Ng2+ 31. Kg3 Nxe1 32. h4 e5
33. g5 Rg2+ 34. Kh3 Bf1 35. h5 Rxg5+ 36. Kh4 Nxf3# {White checkmated} 0-1

[Event "ICC tourney 1901 (45 10)"]
[Site "Internet Chess Club"]
[Date "2020.07.04"]
[Round "2"]
[White "fishbein"]
[Black "rtahmass"]
[Result "1/2-1/2"]
[ICCResult "Game drawn by mutual agreement"]
[WhiteElo "1666"]
[BlackElo "1586"]
[Opening "Caro-Kann: closed (Breyer) variation"]
[ECO "B10"]
[NIC "CK.01"]
[Time "13:30:34"]
[TimeControl "2700+10"]

1. e4 c6 2. d3 d5 3. Nd2 dxe4 4. dxe4 Nf6 5. Ngf3 Bg4 6. Bd3 e6 7. O-O Nbd7
8. c3 Ne5 9. Be2 Nd3 10. Nd4 Bxe2 11. Qxe2 Nxc1 12. Raxc1 Qc7 13. e5 Nd5 14.
N2f3 Bc5 15. Nb3 Be7 16. c4 Nf4 17. Qe4 Ng6 18. Rcd1 O-O 19. h4 Rfd8 20. h5
Nf8 21. h6 g6 22. Nh2 Rxd1 23. Rxd1 Rd8 24. Rxd8 Qxd8 25. Qe2 a5 26. Ng4 a4
27. Nd2 Qd4 28. Nf1 Nd7 29. g3 Nc5 30. Kg2 Nd3 31. b3 axb3 32. axb3 Nc1 33.
Qf3 Nd3 34. Qe2 Nc1 {Game drawn by mutual agreement} 1/2-1/2

[Event "ICC tourney 1901 (45 10)"]
[Site "Internet Chess Club"]
[Date "2020.07.04"]
[Round "2"]
[White "helavir"]
[Black "Chesslegend21"]
[Result "1-0"]
[ICCResult "Black resigns"]
[WhiteElo "1801"]
[BlackElo "1541"]
[Opening "Sicilian: Nimzovich-Rossolimo attack (with ...g6, without ...d6)"]
[ECO "B31"]
[NIC "SI.31"]
[Time "13:30:31"]
[TimeControl "2700+10"]

1. e4 c5 2. Nf3 Nc6 3. Bb5 g6 4. Bxc6 dxc6 5. d3 Bg7 6. h3 Nf6 7. Nc3 Nd7 8.
Be3 e5 9. Qd2 Qe7 10. Bh6 O-O 11. O-O-O Re8 12. Bxg7 Kxg7 13. Nh2 h6 14. Ne2
Qg5 15. f4 exf4 16. Nf3 Qf6 17. Nxf4 Ne5 18. Rhf1 c4 19. Nxe5 Qxe5 20. d4
Qc7 21. e5 Be6 22. Rf3 Rad8 23. Rdf1 Bc8 24. Nh5+ gxh5 25. Rg3+ Bg4 26. hxg4
h4 27. Rgf3 Re6 28. Rf6 Rxf6 29. Rxf6 Rh8 30. g5 h5 31. g6 fxg6 32. Qg5 Rh6
33. Re6 Kf7 34. Qf6+ {Black resigns} 1-0

[Event "ICC tourney 1901 (45 10)"]
[Site "Internet Chess Club"]
[Date "2020.07.04"]
[Round "2"]
[White "GGuseinov"]
[Black "shianen"]
[Result "1-0"]
[ICCResult "Black checkmated"]
[WhiteElo "1756"]
[BlackElo "1594"]
[Opening "French: Tarrasch, closed variation"]
[ECO "C05"]
[NIC "FR.17"]
[Time "13:30:42"]
[TimeControl "2700+10"]

1. e4 e6 2. d4 d5 3. Nd2 Nf6 4. e5 Nfd7 5. c3 c5 6. Bd3 Nc6 7. Ngf3 cxd4 8.
cxd4 Qb6 9. O-O Be7 10. Nb3 a5 11. a4 O-O 12. Be3 f6 13. Rc1 Qd8 14. Bb5 Na7
15. Bd3 Nc6 16. exf6 Nxf6 17. Ne5 Bd7 18. Nc5 Bxc5 19. Rxc5 Nb4 20. Bb1 b6
21. Rc1 Rc8 22. b3 Qe7 23. Bg5 Rxc1 24. Qxc1 Rc8 25. Qf4 Bc6 26. Qg3 Qf8 27.
Qh3 Re8 28. Bxf6 Qxf6 29. Bxh7+ Kf8 30. Bg6 Rd8 31. Rc1 Rd6 32. Rxc6 Rxc6
33. Qh8+ Ke7 34. Qe8+ Kd6 35. Qd7# {Black checkmated} 1-0

[Event "ICC tourney 1901 (45 10)"]
[Site "Internet Chess Club"]
[Date "2020.07.04"]
[Round "2"]
[White "hilariouspanda"]
[Black "Venom2020"]
[Result "0-1"]
[ICCResult "White resigns"]
[WhiteElo "1413"]
[BlackElo "1486"]
[Opening "Dutch"]
[ECO "A80"]
[NIC "HD.12"]
[Time "13:30:38"]
[TimeControl "2700+10"]

1. d4 f5 2. Nc3 Nf6 3. Bg5 d5 4. Nf3 e6 5. e3 Bd6 6. Ne5 O-O 7. f4 c5 8. Be2
Nc6 9. Nxc6 bxc6 10. O-O Qb6 11. Na4 Qa5 12. Bxf6 Qxa4 13. Be5 Bxe5 14. fxe5
cxd4 15. exd4 Rb8 16. b3 Qa5 17. Qd3 Rb6 18. Qe3 Ba6 19. Bxa6 Qxa6 20. Rfc1
Rb7 21. c4 Qb6 22. cxd5 f4 23. Qd3 cxd5 24. Rc5 Rbf7 25. Rf1 Rf5 26. Qc3 Qa6
27. Rc6 Qxa2 28. Rxe6 Qe2 29. Qf3 Qd2 30. Qxd5 Kh8 31. Qe4 f3 32. Rxf3 Rxf3
33. gxf3 Qg5+ 34. Kf2 Qd2+ 35. Kg3 Qc1 36. Kh4 Rf4+ 37. Kg3 Rf8 38. Qg4 Qg1+
39. Kh3 Qf1+ 40. Kh4 Qf2+ 41. Kg5 Qxh2 42. f4 g6 43. Qh4 Rf5+ 44. Kg4 Rxf4+
{White resigns}
0-1

[Event "ICC tourney 1901 (45 10)"]
[Site "Internet Chess Club"]
[Date "2020.07.04"]
[Round "2"]
[White "jy2020"]
[Black "manest"]
[Result "0-1"]
[ICCResult "White resigns"]
[WhiteElo "1665"]
[BlackElo "2389"]
[Opening "Caro-Kann: advance variation"]
[ECO "B12"]
[NIC "CK.04"]
[Time "13:30:28"]
[TimeControl "2700+10"]

1. e4 c6 2. d4 d5 3. e5 Bf5 4. Nd2 e6 5. Nb3 c5 6. dxc5 Bxc5 7. Nxc5 Qa5+ 8.
c3 Qxc5 9. Nf3 Ne7 10. Be3 Qc7 11. Bd3 O-O 12. O-O Nbc6 13. Bd4 Nxd4 14.
cxd4 Bxd3 15. Qxd3 Rfc8 16. Rfd1 Nf5 17. g4 Ne7 18. Qd2 Qc2 19. h3 Ng6 20.
Rac1 Qxd2 21. Rxc8+ Rxc8 22. Rxd2 f6 23. exf6 gxf6 24. Kh2 Kf7 25. Kg3 b5
26. Ne1 Rc1 27. Nd3 Rc4 28. Ne1 Ne7 29. f4 Nc6 30. Nf3 a5 31. Kf2 a4 32. a3
Na5 33. Ke3 Rc1 34. Kd3 Nc4 35. Rf2 Rh1 36. h4 Rh3 37. Kc3 Ne3 38. Kb4 Nxg4
39. Rf1 Ne3 40. Rf2 Nf5 41. Kc5 Ke7 42. Nd2 Rd3 43. Nf3 Rb3 44. Ne1 h5 45.
Nf3 Nd6 46. Kc6 Ne4 47. Rf1 Rxb2 48. Rg1 Rb3 49. Ne1 Kf7 50. Kb6 Rxa3 51.
Kxb5 Nc3+ 52. Kb4 Rb3+ 53. Kc5 a3 54. Nc2 Ne4+ {White resigns} 0-1

[Event "ICC tourney 1901 (45 10)"]
[Site "Internet Chess Club"]
[Date "2020.07.04"]
[Round "2"]
[White "GeneraLisimus"]
[Black "PawnEatingZombi"]
[Result "1-0"]
[ICCResult "Black resigns"]
[WhiteElo "2227"]
[BlackElo "1598"]
[Opening "Caro-Kann: two knights variation"]
[ECO "B11"]
[NIC "CK.01"]
[Time "13:30:28"]
[TimeControl "2700+10"]

1. e4 c6 2. Nc3 d5 3. Nf3 dxe4 4. Nxe4 Nf6 5. Qe2 Nxe4 6. Qxe4 Qa5 7. Bc4
Bf5 8. Qf4 e6 9. O-O Be7 10. c3 O-O 11. d4 Nd7 12. Re1 Rac8 13. Qg3 Qd8 14.
Bg5 Bxg5 15. Nxg5 b5 16. Bf1 Nf6 17. Nf3 a5 18. Ne5 a4 19. Be2 Be4 20. Qh4
h6 21. Bf1 Bh7 22. b3 Nd7 23. Qg3 Nxe5 24. Rxe5 axb3 25. axb3 b4 26. Bc4 Qd6
27. cxb4 Qxd4 28. Rea5 Rfd8 29. h3 Be4 30. Qf4 Bd3 31. Qxd4 Rxd4 32. Rc5
Bxc4 33. bxc4 Rb8 34. Rb1 Rd6 35. h4 g6 36. g3 h5 37. Kg2 Kg7 38. b5 cxb5
39. cxb5 Kf6 40. Rc7 Rbb6 41. Ra1 Rxb5 42. Raa7 Rb2 43. Rxf7+ Ke5 44. Rf3
Rd4 45. Re3+ Kf6 46. Ra6 Rdd2 47. Rexe6+ Kg7 48. Rxg6+ Kh7 49. Rh6+ Kg7 50.
Rag6+ Kf7 51. Rf6+ Ke7 52. Rf5 {Black resigns} 1-0

[Event "ICC tourney 1901 (45 10)"]
[Site "Internet Chess Club"]
[Date "2020.07.04"]
[Round "2"]
[White "dpomerantz135"]
[Black "vyomvidy"]
[Result "1/2-1/2"]
[ICCResult "Game drawn by mutual agreement"]
[WhiteElo "1824"]
[BlackElo "1606"]
[Opening "Ruy Lopez: closed, Averbach variation"]
[ECO "C87"]
[NIC "RL.16"]
[Time "13:30:29"]
[TimeControl "2700+10"]

1. e4 e5 2. Nf3 Nc6 3. Bb5 a6 4. Ba4 Nf6 5. O-O Be7 6. Re1 d6 7. c3 Bg4 8.
h3 Bh5 9. d3 Nd7 10. Nbd2 Nc5 11. Bc2 Ne6 12. g4 Bg6 13. Nf1 h5 14. Ng3 hxg4
15. hxg4 Bg5 16. Nxg5 Nxg5 17. Kg2 Qf6 18. Bxg5 Qxg5 19. Qf3 O-O-O 20. Rh1
Rdf8 21. Nf5 Nd8 22. Rxh8 Rxh8 23. Bb3 Qd2 24. Ne7+ Kd7 25. Nxg6 fxg6 26.
Rh1 Rxh1 27. Kxh1 Ke7 28. Qe3 Qxe3 29. fxe3 Kf6 30. Kg2 Kg5 31. Kg3 b6 32.
Bc4 a5 33. b4 Nc6 34. a3 Ne7 35. Be6 {Game drawn by mutual agreement}
1/2-1/2

[Event "ICC tourney 1901 (45 10)"]
[Site "Internet Chess Club"]
[Date "2020.07.04"]
[Round "2"]
[White "espark"]
[Black "Xuanli28"]
[Result "0-1"]
[ICCResult "White resigns"]
[WhiteElo "1386"]
[BlackElo "1755"]
[Opening "Sicilian: dragon, Yugoslav attack"]
[ECO "B75"]
[NIC "SI.17"]
[Time "13:30:31"]
[TimeControl "2700+10"]

1. e4 c5 2. Nf3 d6 3. d4 cxd4 4. Nxd4 Nf6 5. Nc3 g6 6. Be3 Bg7 7. f3 a6 8.
Qd2 h5 9. Be2 Nc6 10. O-O-O Bd7 11. Kb1 b5 12. Nxc6 Bxc6 13. Bd4 Rc8 14. g3
Qd7 15. h3 Qb7 16. Bd3 O-O 17. g4 b4 18. Ne2 e5 19. Be3 d5 20. g5 dxe4 21.
gxf6 exd3 22. fxg7 Rfd8 23. cxd3 Bxf3 24. Rhf1 Rxd3 25. Qxd3 Be4 26. Nc1 Rd8
27. Rfe1 Bxd3+ 28. Nxd3 Kxg7 29. b3 Qf3 30. Kc2 Qxh3 31. Nxe5 Qg2+ 32. Bd2
h4 33. Kc1 Rc8+ 34. Nc4 h3 35. Bxb4 h2 36. Bc3+ Kg8 37. Kb1 f5 38. Be5 g5
39. Nd6 Rc5 40. Nxf5 Qc2+ 41. Ka1 Rxe5 42. Rd8+ Kh7 43. Rd7+ Kg6 44. Ne7+
Kh5 45. Rh1 Re2 {White resigns} 0-1

[Event "ICC tourney 1901 (45 10)"]
[Site "Internet Chess Club"]
[Date "2020.07.04"]
[Round "2"]
[White "blueeagle405"]
[Black "chessmate09520"]
[Result "0-1"]
[ICCResult "White checkmated"]
[WhiteElo "1516"]
[BlackElo "1447"]
[Opening "King's Indian: orthodox, Aronin-Taimanov, bayonet attack"]
[ECO "E97"]
[NIC "KI.05"]
[Time "13:30:26"]
[TimeControl "2700+10"]

1. d4 Nf6 2. c4 g6 3. Nc3 Bg7 4. e4 d6 5. Nf3 O-O 6. Be2 e5 7. O-O Nc6 8. d5
Ne7 9. b4 a5 10. Ba3 Nd7 11. bxa5 Rxa5 12. Bb4 Ra8 13. a4 f5 14. Nd2 Nf6 15.
f3 Bh6 16. Nb3 Nh5 17. Qd3 Nf4 18. Qc2 c5 19. Ba3 Kg7 20. g3 Nh3+ 21. Kg2
fxe4 22. fxe4 Ng8 23. Nb5 Nf6 24. Nxd6 Qxd6 25. Bxc5 Qd8 26. Bxf8+ Qxf8 27.
Qc3 Qe7 28. Bf3 Ng5 29. Kh1 Nxf3 30. Qxf3 Bg4 31. Qd3 Bh3 32. Rf3 Bg4 33.
Rff1 Qb4 34. a5 Rc8 35. a6 Bh3 36. Rxf6 Kxf6 37. c5 Kg7 38. axb7 Qxb7 39. c6
Qb6 40. g4 Bxg4 41. Rf1 Bf4 42. h3 Bh5 43. Rxf4 exf4 44. Qc3+ Kh6 45. Nd4
Qb1+ 46. Kg2 Qxe4+ 47. Kg1 Rb8 48. Nb3 Qxd5 49. Qc1 Rxb3 50. Qxf4+ Qg5+ 51.
Qxg5+ Kxg5 52. c7 Rc3 53. c8=N Rxc8 54. Kg2 Rc3 55. Kh2 Kf4 56. h4 Rg3 57.
Kh1 Kf3 58. Kh2 Kf2 59. Kh1 Rh3# {White checkmated} 0-1

[Event "ICC tourney 1901 (45 10)"]
[Site "Internet Chess Club"]
[Date "2020.07.04"]
[Round "2"]
[White "SLwind07"]
[Black "Aleksandrov73"]
[Result "0-1"]
[ICCResult "White resigns"]
[WhiteElo "1451"]
[BlackElo "1656"]
[Opening "Queen's pawn game"]
[ECO "A46"]
[NIC "QP.06"]
[Time "13:30:39"]
[TimeControl "2700+10"]

1. d4 Nf6 2. Nf3 e6 3. g3 b5 4. Bg2 Bb7 5. O-O c5 6. c4 bxc4 7. Qa4 Qb6 8.
Qxc4 Na6 9. Nc3 Rc8 10. Na4 Qc6 11. dxc5 Nxc5 12. Nxc5 Bxc5 13. Qb3 Qa6 14.
Bf4 O-O 15. a3 Bd5 16. Qd1 Bc4 17. e3 Be2 18. Qb1 Bd3 19. Qd1 Bxf1 20. Bxf1
Qb7 21. b4 Be7 22. Ne5 Ne4 23. Qxd7 Qxd7 24. Nxd7 Rfd8 25. Ba6 Rc3 26. Be5
Rxd7 27. Bxc3 Nxc3 28. Rc1 Bf6 29. Rc2 g5 30. h3 Rd1+ 31. Kg2 Ra1 32. Rd2
Rxa3 33. b5 Ra5 34. Rd7 Nxb5 35. Bxb5 Rxb5 36. Rxa7 h5 37. Rd7 g4 38. hxg4
hxg4 39. Ra7 Rb4 40. Rd7 Kg7 41. Ra7 Kg6 42. Rd7 Rb2 43. Ra7 Bc3 44. Kf1 f5
45. Rc7 Rb1+ 46. Ke2 Bb4 47. Rb7 Kf6 48. Rb5 Rb2+ 49. Kf1 Ke7 50. Rb6 Kd7
51. Ra6 Bc5 52. Kg1 Bb6 53. Ra8 Kc6 54. Rc8+ Kd5 55. Kf1 e5 56. Rf8 Ke4 57.
Rf7 Bxe3 58. fxe3 Rb3 59. Kf2 Rxe3 60. Rxf5 Kxf5 61. Kxe3 Kf6 62. Kd3 Ke7
63. Ke3 Kd6 64. Ke4 Ke6 65. Ke3 Kd5 66. Kd3 e4+ 67. Ke3 Ke5 68. Ke2 Kd4 69.
Kd2 e3+ 70. Ke2 Ke4 {White resigns} 0-1

[Event "ICC tourney 1901 (45 10)"]
[Site "Internet Chess Club"]
[Date "2020.07.04"]
[Round "2"]
[White "RagingKnightNC"]
[Black "justinchess"]
[Result "1-0"]
[ICCResult "Black resigns"]
[WhiteElo "1717"]
[BlackElo "2034"]
[Opening "Sicilian"]
[ECO "B50"]
[NIC "SI.01"]
[Time "13:30:43"]
[TimeControl "2700+10"]

1. e4 c5 2. Nf3 d6 3. d3 Nc6 4. g3 g6 5. Bg2 Bg7 6. O-O Nf6 7. Nc3 O-O 8. h3
Rb8 9. Be3 Bd7 10. Qd2 Qa5 11. Nh4 Rfc8 12. f4 b5 13. e5 dxe5 14. fxe5 Nxe5
15. Bf4 Nh5 16. Rae1 Nxf4 17. Qxf4 Qc7 18. Nd5 Qd6 19. Rxe5 Qxe5 20. Qxf7+
Kh8 21. Nxe7 Qe3+ 22. Kh2 Be6 23. Nhxg6+ hxg6 24. Nxg6+ Kh7 25. Qe7 Re8 26.
Qxa7 Qg5 27. Be4 Bd5 28. Qxc5 Rbc8 29. Ne7+ Bxe4 30. Qxg5 Rxc2+ 31. Rf2
Rxf2+ 32. Kg1 Ref8 33. Qh4+ Bh6 34. Qxe4+ Kh8 35. Ng6+ {Black resigns} 1-0

[Event "ICC tourney 1901 (45 10)"]
[Site "Internet Chess Club"]
[Date "2020.07.04"]
[Round "2"]
[White "SilentFog"]
[Black "NK3"]
[Result "1-0"]
[ICCResult "Black resigns"]
[WhiteElo "1735"]
[BlackElo "1893"]
[Opening "Nimzovich-Larsen attack: classical variation"]
[ECO "A01"]
[NIC "VO.08"]
[Time "13:30:40"]
[TimeControl "2700+10"]

1. b3 d5 2. Bb2 Nf6 3. Nf3 Bf5 4. g3 e6 5. Bg2 h6 6. O-O Bd6 7. d3 O-O 8.
Nbd2 Nbd7 9. Re1 e5 10. e4 dxe4 11. dxe4 Be6 12. Qe2 Qe7 13. Nc4 Bxc4 14.
Qxc4 Ba3 15. Bc3 a5 16. Red1 Ra6 17. Qe2 Qc5 18. Rd3 Rc6 19. Rad1 Bb4 20.
Bxb4 axb4 21. Rxd7 Nxd7 22. Rxd7 Qxc2 23. Qxc2 Rxc2 24. Nxe5 Ra8 25. Bf1
Raxa2 26. Rxf7 Ra5 27. Re7 b5 28. Re8+ Kh7 29. Bd3 Rc3 30. h4 c5 31. h5 c4
32. Ng6 {Black resigns} 1-0

[Event "ICC tourney 1901 (45 10)"]
[Site "Internet Chess Club"]
[Date "2020.07.04"]
[Round "2"]
[White "mopaska1106"]
[Black "hydroblade"]
[Result "0-1"]
[ICCResult "White resigns"]
[WhiteElo "1524"]
[BlackElo "1555"]
[Opening "Benoni: four pawns attack, main line"]
[ECO "A69"]
[NIC "BI.02"]
[Time "13:30:34"]
[TimeControl "2700+10"]

1. d4 Nf6 2. c4 g6 3. Nc3 Bg7 4. e4 d6 5. f4 O-O 6. Nf3 c5 7. d5 e6 8. Be2
exd5 9. cxd5 Re8 10. Nd2 a6 11. a4 Nbd7 12. O-O h5 13. Qc2 Rb8 14. Nc4 Qc7
15. Kh1 Nh7 16. e5 dxe5 17. d6 Qd8 18. f5 Nhf8 19. Nd5 e4 20. Ne7+ Rxe7 21.
dxe7 Qxe7 22. Bf4 Ra8 23. Bd6 Qe8 24. fxg6 fxg6 25. Ne3 Kh7 26. Bc4 Nf6 27.
Bxc5 Qe5 28. Rad1 Bg4 29. Bd6 Bxd1 30. Qxd1 Qxb2 31. Bg3 b5 32. axb5 axb5
33. Bf7 Ra7 34. Bb3 Ra3 35. Bf7 Rxe3 {White resigns} 0-1

[Event "ICC tourney 1901 (45 10)"]
[Site "Internet Chess Club"]
[Date "2020.07.04"]
[Round "2"]
[White "BrainOnFire"]
[Black "blitzer102"]
[Result "1-0"]
[ICCResult "Black forfeits on time"]
[WhiteElo "1555"]
[BlackElo "1371"]
[Opening "QGD: 4.Nf3"]
[ECO "D37"]
[NIC "QP.06"]
[Time "13:30:39"]
[TimeControl "2700+10"]

1. d4 Nf6 2. Nf3 d5 3. c4 e6 4. Nc3 Be7 5. cxd5 exd5 6. Bg5 c6 7. Qc2 g6 8.
e3 Bf5 9. Qb3 Qb6 10. Be2 Nbd7 11. O-O O-O 12. Ne5 Rfe8 13. Nxd7 Nxd7 14.
Bxe7 Rxe7 15. Qa3 Rae8 16. b4 a6 17. Qb3 Nf6 18. h3 h5 19. b5 axb5 20. a4
Qc7 21. axb5 h4 22. Ra7 Qd6 23. bxc6 bxc6 24. Qa3 Qe6 25. Rxe7 Rxe7 26. Na4
Ra7 27. Qb4 Nd7 28. Nc5 Nxc5 29. Qb8+ Kh7 30. Qxa7 Ne4 31. Qc7
{Black forfeits on time}
1-0

[Event "ICC tourney 1901 (45 10)"]
[Site "Internet Chess Club"]
[Date "2020.07.04"]
[Round "2"]
[White "ChessDex"]
[Black "danbron"]
[Result "0-1"]
[ICCResult "White resigns"]
[WhiteElo "1533"]
[BlackElo "1643"]
[Opening "Sicilian: Alapin's variation (2.c3)"]
[ECO "B22"]
[NIC "SI.46"]
[Time "13:30:37"]
[TimeControl "2700+10"]

1. e4 c5 2. c3 Nf6 3. e5 Nd5 4. Nf3 Nc6 5. Bc4 Nb6 6. Bb3 d6 7. exd6 exd6 8.
O-O Be7 9. h3 O-O 10. d4 Bf6 11. Be3 c4 12. Bc2 d5 13. b3 Be6 14. Nbd2 Qd7
15. b4 Bf5 16. a4 Rfe8 17. g4 Bg6 18. a5 Nc8 19. b5 Nb8 20. Bxg6 fxg6 21.
Bf4 Qxb5 22. g5 Bd8 23. Bxb8 Rxb8 24. Ne5 Bxg5 25. Rb1 Qxa5 26. Nc6 bxc6 27.
Rxb8 Bf4 28. Rb7 Nd6 29. Rd7 Qxc3 30. Re1 Qxd2 31. Rxe8+ Nxe8 32. Qg4 Qe1+
33. Kg2 Qe4+ 34. Kg1 Qf5 35. Rxa7 Qxg4+ 36. hxg4 c3 37. Ra3 c2 38. Rc3 c1=Q+
39. Rxc1 Bxc1 40. Kg2 Bb2 41. Kg3 Bxd4 42. g5 c5 {White resigns} 0-1

[Event "ICC tourney 1901 (45 10)"]
[Site "Internet Chess Club"]
[Date "2020.07.04"]
[Round "2"]
[White "allez"]
[Black "AlohaKauai"]
[Result "1-0"]
[ICCResult "Black resigns"]
[WhiteElo "1660"]
[BlackElo "1358"]
[Opening "Budapest: Rubinstein variation"]
[ECO "A52"]
[NIC "QG.01"]
[Time "13:31:13"]
[TimeControl "2700+10"]

1. d4 Nf6 2. c4 e5 3. dxe5 Ng4 4. Bf4 Nc6 5. Nf3 Bb4+ 6. Nbd2 Qe7 7. a3
Ncxe5 8. Nxe5 Nxe5 9. e3 Bxd2+ 10. Qxd2 d6 11. Be2 a5 12. O-O O-O 13. Rfd1
b6 14. b4 axb4 15. axb4 Bb7 16. c5 bxc5 17. bxc5 Qf6 18. Rxa8 Rxa8 19. cxd6
Qg6 20. Bg3 cxd6 21. Qxd6 Qxd6 22. Rxd6 Ra1+ 23. Rd1 Rxd1+ 24. Bxd1 f6 25.
f3 g5 26. h4 h6 27. Kf2 Kg7 28. e4 Ng6 29. hxg5 hxg5 30. Ke3 Ba6 31. Bd6 Bc4
32. g3 Kf7 33. Kd4 Ba2 34. Be2 Ke6 35. Bc7 Ne7 36. Bf1 Kd7 37. Bb6 Ke6 38.
Bh3+ Kf7 39. Bf1 Be6 40. Kc5 Ng6 41. Bc7 Ke7 42. Ba5 Nf4 43. gxf4 gxf4 44.
Bd2 Bb3 45. Be2 f5 46. e5 Ke6 47. Bc4+ Bxc4 48. Kxc4 Kxe5 49. Kc5 Kf6 50.
Kd5 Kg6 51. Ke5 Kg5 52. Bxf4+ Kg6 53. Ke6 Kg7 54. Kxf5 Kf7 55. Bd6 Ke8 56.
Ke6 Kd8 57. f4 {Black resigns} 1-0

[Event "ICC tourney 1901 (45 10)"]
[Site "Internet Chess Club"]
[Date "2020.07.04"]
[Round "2"]
[White "TjkTiger"]
[Black "EzWin4All"]
[Result "0-1"]
[ICCResult "White resigns"]
[WhiteElo "1317"]
[BlackElo "1483"]
[Opening "QGD: exchange, positional line"]
[ECO "D35"]
[NIC "QO.16"]
[Time "13:30:25"]
[TimeControl "2700+10"]

1. c4 e6 2. Nc3 d5 3. d4 Nf6 4. cxd5 exd5 5. Bg5 Be7 6. e3 O-O 7. Bd3 c6 8.
Qc2 Nbd7 9. h3 Re8 10. Nf3 Nf8 11. Bf4 Ne6 12. Be5 g6 13. O-O Ng7 14. Rab1
a5 15. Na4 Bf5 16. Bxf5 Nxf5 17. Nc5 Bxc5 18. dxc5 Ne4 19. Bh2 Qe7 20. Rbc1
Ng7 21. Nd2 f5 22. a4 Ne6 23. Nb3 Qg5 24. Rfe1 f4 25. f3 Ng3 26. Bxg3 Qxg3
27. Qf2 Kf7 28. e4 Qxf2+ 29. Kxf2 Red8 30. Nd2 g5 31. Kf1 Nd4 32. Rc3 Kf6
33. exd5 cxd5 34. Nb3 Nc6 35. Rd1 Ne5 36. Nd2 Rac8 37. Rb3 Rd7 38. Rc1 Re7
39. Rcc3 Rce8 40. Rc1 h5 41. Kg1 Kf5 42. Rf1 Nc6 43. Rd3 Nb4 44. Rd4 Re2 45.
Rd1 Re1+ 46. Rxe1 Rxe1+ 47. Kf2 Re3 48. Nf1 Rd3 49. Rxd3 Nxd3+ 50. Ke2 Nxc5
51. Kd2 Nxa4 52. b3 Nc5 53. Kc3 Ke5 54. Nd2 b5 55. b4 d4+ 56. Kc2 axb4 57.
Kc1 d3 58. Kb2 Kd4 59. Nf1 b3 60. h4 gxh4 {White resigns} 0-1

[Event "ICC tourney 1901 (45 10)"]
[Site "Internet Chess Club"]
[Date "2020.07.04"]
[Round "2"]
[White "ganzy"]
[Black "IAlwaysWin"]
[Result "1-0"]
[ICCResult "Black forfeits on time"]
[WhiteElo "1561"]
[BlackElo "1842"]
[Opening "Caro-Kann: advance variation"]
[ECO "B12"]
[NIC "CK.04"]
[Time "13:30:33"]
[TimeControl "2700+10"]

1. e4 c6 2. d4 d5 3. e5 Bf5 4. g4 Be4 5. f3 Bg6 6. e6 Qd6 7. exf7+ Bxf7 8.
f4 h5 9. g5 e6 10. Bd3 Ne7 11. Nf3 c5 12. c3 Nbc6 13. Qa4 Nf5 14. Ne5 Rc8
15. g6 Bg8 16. O-O Kd8 17. Na3 a6 18. Nc2 Be7 19. Kh1 h4 20. Bd2 Rh6 21.
Rae1 Qc7 22. Rg1 Rh5 23. Rg2 Bd6 24. Be2 Rh6 25. Bg4 Nce7 26. Nf7+ Bxf7 27.
gxf7 Nc6 28. Bxf5 exf5 29. dxc5 Bf8 30. Re8+ Kd7 31. Rge2 Rf6 32. Rxc8 Kxc8
33. Re8+ Kd7 34. Rxf8 Ke7 35. Re8+ Kxf7 36. Re2 d4 37. Nxd4 Qd7 38. Qc4+ Kg6
39. Re6 Rxe6 40. Qxe6+ Qxe6 41. Nxe6 Kf6 42. Nd4 Ne7 43. Be1 g5 44. fxg5+
Kxg5 45. Ne6+ Kg4 46. Nd8 Kf3 47. Nxb7 h3 48. Nd6 Ke2 49. Bh4 Nc6 50. Nxf5
{Black forfeits on time}
1-0